2908 views
Uploaded 2020-01-30 16:16:10
Game version 1.32 / 1.32.1
19:33 long 1on1on1on1 ladder game on (6)NeonCity
Saved by Mata
2908 views
Uploaded 2020-01-30 16:16:10
Game version 1.32 / 1.32.1
19:33 long 1on1on1on1 ladder game on (6)NeonCity

39 units @ 5k
/ 0.5k
42 buildings @ 4.1k
/ 2.2k



| Scroll of Regeneration | 2 | 200 |
| Staff of Sanctuary | 2 | 500 |
| Orb of Fire | 1 | 325 |
| Scroll of Town Portal | 1 | 350 |
| Staff of Silence | 1 | 600 |
| Legion Doom-Horn | 1 | 500 |
| Ring of Protection +5 | 1 | 600 |
| total: | 9 | 3075g |
| Peasant | 20 | 1500 | / | 0 |
| Footman | 3 | 405 | / | 0 |
| Rifleman | 3 | 615 | / | 90 |
| Priest | 4 | 540 | / | 40 |
| Dragonhawk Rider | 4 | 800 | / | 120 |
| Spell Breaker | 3 | 645 | / | 90 |
| Knight | 1 | 245 | / | 60 |
| Gryphon Rider | 1 | 280 | / | 70 |
| total: | 39 | 5030g | / | 470w |
| Scout Tower | 13 | 390 | / | 260 |
| Arcane Tower | 2 | 140 | / | 100 |
| Guard Tower | 7 | 490 | / | 350 |
| Altar of Kings | 1 | 180 | / | 50 |
| Barracks | 1 | 160 | / | 60 |
| Farm | 15 | 1200 | / | 300 |
| Arcane Vault | 1 | 130 | / | 30 |
| Blacksmith | 1 | 140 | / | 60 |
| Town Hall | 2 | 770 | / | 410 |
| Lumber Mill | 1 | 120 | / | 0 |
| Arcane Sanctum | 2 | 300 | / | 280 |
| Gryphon Aviary | 5 | 700 | / | 750 |
| Keep | 1 | 320 | / | 210 |
| Castle | 1 | 360 | / | 210 |
| total: | 42 | 4090g | / | 2200w |
| 0:02 | Peasant |
| 0:07 | Altar of Kings |
| 0:18 | Peasant |
| 0:20 | Barracks |
| 0:21 | Peasant |
| 0:35 | Farm |
| 0:37 | Peasant |
| 0:48 | Peasant |
| 0:56 | Farm |
| 0:59 | Peasant |
| 1:22 | Footman |
| 1:38 | Arcane Vault |
| 1:51 | Footman |
| 1:52 | Peasant |
| 1:59 | Farm |
| 2:02 | Peasant |
| 2:15 | Summon Water Elemental |
| 2:24 | Footman |
| 2:39 | Peasant |
| 2:41 | Peasant |
| 2:49 | Blacksmith |
| 3:08 | Peasant |
| 3:41 | Brilliance Aura |
| 3:56 | Town Hall |
| 3:58 | Scout Tower |
| 3:59 | Scout Tower |
| 4:04 | Keep |
| 4:25 | Scroll of Regeneration |
| 4:34 | Lumber Mill |
| 4:47 | Arcane Tower |
| 4:51 | Scout Tower |
| 5:01 | Farm |
| 5:17 | Peasant |
| 5:24 | Rifleman |
| 5:26 | Arcane Tower |
| 5:35 | Summon Water Elemental |
| 6:10 | Rifleman |
| 6:17 | Scout Tower |
| 6:22 | Peasant |
| 6:22 | Peasant |
| 6:24 | Guard Tower |
| 6:30 | Improved Masonry |
| 6:33 | Peasant |
| 6:33 | Peasant |
| 6:34 | Peasant |
| 6:44 | Scroll of Regeneration |
| 6:49 | Improved Lumber Harvesting |
| 6:49 | Peasant |
| 6:51 | Guard Tower |
| 6:59 | Arcane Sanctum |
| 7:02 | Peasant |
| 7:21 | Rifleman |
| 7:24 | Peasant |
| 7:25 | Farm |
| 7:48 | Advanced Masonry |
| 7:49 | Castle |
| 8:04 | Brilliance Aura |
| 8:06 | Storm Bolt |
| 8:11 | Priest |
| 8:13 | Farm |
| 8:19 | Studded Leather Armor |
| 8:22 | Scout Tower |
| 8:23 | Scout Tower |
| 8:28 | Scout Tower |
| 8:29 | Scout Tower |
| 8:30 | Scout Tower |
| 8:31 | Scout Tower |
| 8:39 | Long Rifles |
| 8:43 | Imbued Masonry |
| 8:46 | Gryphon Aviary |
| 9:25 | Bash |
| 9:41 | Guard Tower |
| 9:44 | Guard Tower |
| 9:45 | Guard Tower |
| 10:21 | Priest |
| 10:23 | Farm |
| 10:24 | Guard Tower |
| 10:25 | Guard Tower |
| 10:52 | Storm Bolt |
| 11:04 | Reinforced Leather Armor |
| 11:53 | Animal War Training |
| 12:00 | Dragonhawk Rider |
| 12:02 | Gryphon Aviary |
| 12:02 | Gryphon Aviary |
| 12:03 | Gryphon Aviary |
| 12:07 | Gryphon Aviary |
| 12:16 | Holy Light |
| 12:25 | Priest Adept Training |
| 12:25 | Magic Sentry |
| 12:26 | Dragonhide Armor |
| 12:39 | Summon Water Elemental |
| 13:20 | Dragonhawk Rider |
| 13:21 | Dragonhawk Rider |
| 13:32 | Farm |
| 13:32 | Farm |
| 13:34 | Farm |
| 13:35 | Farm |
| 13:35 | Farm |
| 13:48 | Divine Shield |
| 13:59 | Dragonhawk Rider |
| 14:03 | Iron Forged Swords |
| 14:15 | Farm |
| 14:15 | Farm |
| 14:17 | Farm |
| 14:27 | Spell Breaker |
| 14:31 | Arcane Sanctum |
| 14:35 | Knight |
| 14:40 | Staff of Sanctuary |
| 14:47 | Orb of Fire |
| 14:55 | Storm Hammers |
| 14:55 | Gryphon Rider |
| 15:00 | Priest Master Training |
| 15:00 | Spell Breaker |
| 15:01 | Priest |
| 15:51 | Bash |
| 15:55 | Scroll of Town Portal |
| 16:05 | Town Hall |
| 16:06 | Scout Tower |
| 16:06 | Scout Tower |
| 16:06 | Scout Tower |
| 16:26 | Staff of Silence |
| 16:27 | Legion Doom-Horn |
| 16:33 | Ring of Protection +5 |
| 16:48 | Spell Breaker |
| 16:48 | Priest |
| 17:25 | Staff of Sanctuary |
| 18:21 | Holy Light |
| 19:01 | Storm Bolt |
| 19:04 | Divine Shield |
| 19:22 | Cloud |
| Right click | 1022 |
| Select | 648 |
| Select group | 486 |
| Assign group | 136 |
| Build/train/purchase | 123 |
| Misc. action | 33 |
| Use ability | 26 |
| Remove unit | 4 |
| Item give/drop | 3 |
/ 0k
3 buildings @ 0.5k
/ 0.1k

| Wisp | 5 | 300 | / | 0 |
| Archer | 2 | 260 | / | 20 |
| total: | 7 | 560g | / | 20w |
| Altar of Elders | 1 | 180 | / | 50 |
| Moon Well | 1 | 180 | / | 40 |
| Ancient of War | 1 | 150 | / | 60 |
| total: | 3 | 510g | / | 150w |
| 0:04 | Wisp |
| 0:04 | Wisp |
| 0:52 | Altar of Elders |
| 0:55 | Moon Well |
| 1:02 | Ancient of War |
| 1:04 | Wisp |
| 1:05 | Wisp |
| 1:40 | Wisp |
| 2:04 | Archer |
| 2:10 | Archer |
| 3:11 | Mana Burn |
| Right click | 142 |
| Misc. action | 55 |
| Select | 49 |
| Select group | 27 |
| Build/train/purchase | 17 |
| Assign group | 5 |
| Use ability | 1 |
37 units @ 5.5k
/ 0.6k
24 buildings @ 3k
/ 1.4k


| Scroll of Regeneration | 1 | 100 |
| total: | 1 | 100g |
| Peasant | 11 | 825 | / | 0 |
| Footman | 4 | 540 | / | 0 |
| Rifleman | 11 | 2255 | / | 330 |
| Sorceress | 6 | 930 | / | 120 |
| Priest | 3 | 405 | / | 30 |
| Gryphon Rider | 2 | 560 | / | 140 |
| total: | 37 | 5515g | / | 620w |
| Scout Tower | 2 | 60 | / | 40 |
| Guard Tower | 2 | 140 | / | 100 |
| Altar of Kings | 1 | 180 | / | 50 |
| Barracks | 1 | 160 | / | 60 |
| Farm | 11 | 880 | / | 220 |
| Lumber Mill | 1 | 120 | / | 0 |
| Blacksmith | 1 | 140 | / | 60 |
| Arcane Vault | 1 | 130 | / | 30 |
| Town Hall | 2 | 770 | / | 410 |
| Arcane Sanctum | 2 | 300 | / | 280 |
| Gryphon Aviary | 2 | 280 | / | 300 |
| Keep | 1 | 320 | / | 210 |
| Castle | 1 | 360 | / | 210 |
| total: | 24 | 3020g | / | 1450w |
| 0:05 | Altar of Kings |
| 0:09 | Peasant |
| 0:10 | Peasant |
| 0:10 | Peasant |
| 0:15 | Barracks |
| 0:27 | Farm |
| 0:46 | Peasant |
| 1:01 | Lumber Mill |
| 1:05 | Peasant |
| 1:24 | Footman |
| 1:32 | Farm |
| 1:44 | Footman |
| 2:02 | Farm |
| 2:04 | Peasant |
| 2:09 | Blacksmith |
| 2:14 | Summon Water Elemental |
| 2:39 | Footman |
| 2:41 | Footman |
| 2:48 | Farm |
| 3:17 | Arcane Vault |
| 3:28 | Rifleman |
| 3:52 | Rifleman |
| 4:16 | Rifleman |
| 4:25 | Blizzard |
| 4:59 | Keep |
| 5:13 | Summon Water Elemental |
| 5:44 | Rifleman |
| 5:44 | Rifleman |
| 6:11 | Town Hall |
| 6:45 | Rifleman |
| 6:53 | Farm |
| 6:59 | Black Gunpowder |
| 7:34 | Brilliance Aura |
| 8:08 | Rifleman |
| 8:13 | Arcane Sanctum |
| 8:16 | Rifleman |
| 8:27 | Scroll of Regeneration |
| 8:40 | Holy Light |
| 9:19 | Rifleman |
| 9:19 | Rifleman |
| 9:25 | Arcane Sanctum |
| 9:26 | Peasant |
| 9:26 | Peasant |
| 9:29 | Sorceress Adept Training |
| 10:13 | Rifleman |
| 10:16 | Studded Leather Armor |
| 10:17 | Sorceress |
| 10:21 | Devotion Aura |
| 10:36 | Sorceress |
| 10:37 | Priest Adept Training |
| 11:18 | Farm |
| 11:19 | Farm |
| 11:28 | Castle |
| 12:00 | Scout Tower |
| 12:01 | Scout Tower |
| 12:05 | Sorceress |
| 12:34 | Priest |
| 12:34 | Sorceress |
| 12:40 | Long Rifles |
| 13:16 | Town Hall |
| 13:21 | Priest |
| 13:32 | Farm |
| 14:06 | Summon Water Elemental |
| 14:15 | Sorceress Master Training |
| 14:16 | Priest Master Training |
| 14:19 | Refined Gunpowder |
| 14:42 | Guard Tower |
| 14:43 | Guard Tower |
| 15:03 | Farm |
| 16:13 | Gryphon Aviary |
| 16:17 | Gryphon Aviary |
| 16:21 | Farm |
| 16:24 | Sorceress |
| 16:24 | Sorceress |
| 16:28 | Priest |
| 17:01 | Farm |
| 17:04 | Peasant |
| 17:04 | Peasant |
| 17:04 | Peasant |
| 17:45 | Gryphon Rider |
| 17:48 | Gryphon Rider |
| 17:54 | Divine Shield |
| 18:25 | Devotion Aura |
| Right click | 1108 |
| Select group | 776 |
| Select | 370 |
| Build/train/purchase | 80 |
| Assign group | 44 |
| Use ability | 13 |
| Item give/drop | 5 |
| Remove unit | 4 |
| Esc | 2 |
17 units @ 2.4k
/ 0.1k
9 buildings @ 1.5k
/ 0.3k


| Healing Salve | 1 | 100 |
| total: | 1 | 100g |
| Peon | 6 | 450 | / | 0 |
| Grunt | 5 | 1000 | / | 0 |
| Troll Headhunter | 5 | 700 | / | 100 |
| Demolisher | 1 | 220 | / | 50 |
| total: | 17 | 2370g | / | 150w |
| Altar of Storms | 1 | 180 | / | 50 |
| Orc Burrow | 4 | 640 | / | 160 |
| Barracks | 2 | 360 | / | 100 |
| War Mill | 1 | 205 | / | 0 |
| Voodoo Lounge | 1 | 130 | / | 30 |
| Stronghold | 1 | 315 | / | 190 |
| total: | 9 | 1515g | / | 340w |
| 0:12 | Altar of Storms |
| 0:15 | Peon |
| 0:15 | Peon |
| 0:18 | Peon |
| 0:36 | Peon |
| 0:50 | Orc Burrow |
| 1:08 | Barracks |
| 1:52 | Orc Burrow |
| 1:58 | Peon |
| 2:16 | Barracks |
| 2:23 | Orc Burrow |
| 2:25 | Peon |
| 2:58 | War Mill |
| 3:17 | Critical Strike |
| 3:58 | Voodoo Lounge |
| 4:22 | Grunt |
| 4:22 | Grunt |
| 4:23 | Troll Headhunter |
| 4:23 | Troll Headhunter |
| 5:23 | Stronghold |
| 5:27 | Healing Salve |
| 7:51 | Mirror Image |
| 8:29 | Berserker Strength |
| 8:29 | Troll Regeneration |
| 8:31 | Grunt |
| 8:31 | Grunt |
| 8:32 | Grunt |
| 8:33 | Troll Headhunter |
| 8:33 | Troll Headhunter |
| 8:39 | Orc Burrow |
| 8:50 | Steel Melee Weapons |
| 8:51 | Steel Ranged Weapons |
| 8:51 | Spiked Barricades |
| 8:53 | Reinforced Defenses |
| 8:53 | Steel Armor |
| 9:24 | Pillage |
| 9:49 | Troll Headhunter |
| 9:51 | Demolisher |
| 10:32 | War Stomp |
| 10:33 | War Stomp |
| 10:34 | War Stomp |
| 10:34 | War Stomp |
| Right click | 579 |
| Select | 82 |
| Build/train/purchase | 41 |
| Misc. action | 3 |
| Use ability | 2 |
| Esc | 2 |
| Remove unit | 1 |
โ